 Dungeon Crawl Stone Soup version 0.29-a0-330-g52719c12eb (webtiles) character file.

Game seed: 14096062764092480603

72 Anon1729 the Ducker (level 4, 0/31 HPs)
             Began as a Djinni Enchanter on Apr 16, 2022.
             Slain by a goblin
             ... wielding a +0 dagger
             ... led by Robin
              (5 damage)
             ... on level 2 of the Dungeon.
             The game lasted 00:04:02 (3783 turns).

Anon1729 the Ducker (Djinni Enchanter)              Turns: 3783, Time: 00:04:02

Health: 0/31       AC:  2    Str:  7    XL:     4   Next: 48%
Gold:   91         EV: 13    Int: 18    God:
                   SH:  0    Dex: 14

rFire   + + .      SeeInvis .   f - +1 dagger (speed)
rCold   x . .      Faith    .   (no shield)
rNeg    . . .      Spirit   .   b - +0 robe
rPois   ∞          Reflect  .   (no helmet)
rElec   .          Harm     .   (no cloak)
rCorr   .          Rampage  .   (no gloves)
Will    .....                   (boots unavailable)
Stlth   ++........              (no amulet)
HPRegen 0.10/turn               (no ring)
MPRegen 0.00/turn               (no ring)

@: flying, invisible
A: sickness immunity, fire resistance 2, cold vulnerability 1, float, innate
caster, HP casting, extra vitality 1
a: no special abilities


You were on level 2 of the Dungeon.
You visited 1 branch of the dungeon, and saw 3 of its levels.

You collected 91 gold pieces.

Inventory:

Hand Weapons
 a - a +1 dagger
 f - a +1 dagger of speed (weapon)
Missiles
 q - 62 stones
Armour
 b - a +0 robe (worn)
Wands
 l - a wand of polymorph (8)
Scrolls
 d - a scroll of holy word {unknown}
 j - 2 scrolls of identify {unknown}
 k - a scroll of enchant weapon {unknown}
 m - a scroll of enchant armour {unknown}
 n - a scroll of teleportation {unknown}
 o - a scroll of immolation {unknown}
Potions
 e - a potion of degeneration {unknown}
 g - a potion of heal wounds {unknown}
 h - a potion of magic {unknown}
 i - a potion of might {unknown}
 p - a potion of lignification {unknown}


   Skills:
 + Level 1.8 Short Blades
 + Level 3.0 Dodging
 + Level 2.9 Stealth
 * Level 2.9 Spellcasting


You couldn't memorise any spells.
You knew the following spells:

 Your Spells              Type           Power      Damage    Failure   Level
a - Ensorcelled Hibernat  Hex/Ice        26%        N/A       8%          2
b - Confusing Touch       Hex            13%        N/A       14%         3
c - Tukima's Dance        Hex            13%        N/A       14%         3
d - Dazzling Flash        Conj/Hex       26%        N/A       14%         3
e - Sandblast             Erth           26%        2d8       4%          1
Your spell library was empty.

Dungeon Overview and Level Annotations

Branches:
Dungeon (3/15)

Altars:
Makhleb

Annotations:
D:3 Robin


Innate Abilities, Weirdness & Mutations

You are immune to sickness and miasma.
You are immune to poison.
Your flesh is very heat resistant. (rF++)
You are vulnerable to cold. (rC-)
You float through the air rather than walking.
You learn spells naturally, not from books.
Your magical power is your life essence.
You have superior vitality. (+4 MHP)


Message History

Robin roars a battlecry!
The goblins go into a battle-frenzy!
There is a stone staircase leading up here.
The goblin hits you but does no damage.
Robin drinks a potion.
Robin seems to speed up.
You fly upwards.
There is a stone staircase leading down here.
The goblin looks drowsy...
The helpless goblin fails to defend itself.
You puncture the goblin!
You kill the goblin!
You fly downwards.
Level annotation: Robin An adder comes into view.
A goblin comes into view. It is wielding a +0 rapier.
The goblin closely misses you. The goblin hits you with a +0 dagger.
Robin closely misses you. The goblin hits you with a +0 dagger.
A kobold comes into view.
It is wielding a +0 trident of protection.
A goblin comes into view. It is wielding a +0 club.
The goblin barely misses you. Robin throws the goblin at you!
The adder moves out of view.
There is a stone staircase leading up here.
Robin hits you from afar with a +0 spear.
The goblin hits you with a +0 club.
The goblin hits you with a +0 dagger. x2
You fly upwards.
There is a stone staircase leading down here.
Casting: Ensorcelled Hibernation (safe; 8% risk of failure)
Confirm with . or Enter, or press ? or * to list all spells.
Aiming: Ensorcelled Hibernation (safe; 8% risk of failure)
Press: ? - help, Shift-Dir - straight line, f - goblin
Aim: a goblin, wielding a +0 club (strong, chance to affect: 64%)
The goblin resists with significant effort.
The goblin hits you with a +0 club. The goblin hits you with a +0 dagger.
* * * LOW HITPOINT WARNING * * *
The goblin closely misses you.
You fade into invisibility!
The goblin hits you with a +0 club.
* * * LOW HITPOINT WARNING * * *
The goblin closely misses you. The goblin hits you with a +0 dagger.
You die...

#.###.....###.#.#.######.......#.
..###.........#.......#........#.
........#######...###.#........#.
......### ##.#.#.#.##........#.
####### #.........#<######### ###
##.......#........... ..#
#...........#######.# ..#
##...g...##.........#
..###########..)@g.......########
..##........)#...g...#...'......#
####.....####............######.#
# #.....# ##.#.#.#.#....# #.#
####.....# ##......####.#####.#
.#.....#.# #......# #.#.....'
.#.....#.######......# #....[..#
.#.....'.#...........# ###.#####
.#.....##............######.##..+


You could see 3 goblins.

Vanquished Creatures
  A gnoll (D:1)
  A worm (D:2)
  5 bats
  6 endoplasms
  A giant cockroach (D:1)
  8 goblins
  9 hobgoblins
  5 jackals
  2 kobolds (D:2)
  A quokka (D:1)
  5 ball pythons
  2 frilled lizards (D:1)
  3 rats
49 creatures vanquished.

Notes
Turn   | Place    | Note
-------+----------+-------------------------------------------
     0 | D:1      | Anon1729 the Djinni Enchanter began the quest for the Orb.
     0 | D:1      | Reached XP level 1. HP: 15/15 MP: 0/0
    31 | D:1      | Found a faded altar of an unknown god.
    58 | D:1      | Reached skill level 1 in Short Blades
    86 | D:1      | Reached XP level 2. HP: 7/21 MP: 0/0
   575 | D:1      | Reached XP level 3. HP: 19/25 MP: 0/0
   575 | D:1      | Learned a level 1 spell: Sandblast
  1751 | D:2      | Found a burning altar of Makhleb.
  1894 | D:2      | Reached XP level 4. HP: 17/31 MP: 0/0
  2373 | D:2      | Reached skill level 3 in Dodging
  3463 | D:3      | Noticed Robin
  3783 | D:2      | Slain by a goblin

Illustrated notes

Levels and vault maps discovered:
D:1:      lightli_arrival_chessboard, layout_loops_ring,
          hellmonk_ecumenical_altar_arch_garden, minmay_statues_item
D:2:      layout_basic, basic_altar, st_stairs_4
D:3:      layout_rooms, ebering_ghost_rock_garden, uniq_robin

Skill      XL: |  1  2  3  4 |
---------------+-------------+-----
Short Blades   | 1 |  1.8
Dodging        | 3 |  3.0
Stealth        | |  2.9
Spellcasting   | |  2.9

Action                   |  1- 3 |  4- 6 || total
-------------------------+-------+-------++-------
Melee: Dagger            |   130 |    58 ||   188
 Cast: Ensorcelled Hiber |    10 |    14 ||    24
       Sandblast         |       |     1 ||     1
  Use: Potion            |     1 |     1 ||     2
 Stab: Sleeping          |    10 |     9 ||    19
       Invisible         |     1 |       ||     1
Armor: Robe              |    20 |    19 ||    39
Dodge: Dodged            |    90 |    33 ||   123

Table legend: (Time is in decaauts)
 A = Elapsed time spent in this place.
 B = Non-inter-level travel time spent in this place.
 C = Inter-level travel time spent in this place.
 D = Time resting spent in this place.
 E = Time spent auto-exploring this place.
 F = Levels seen in this place.
 G = Mean time per level.
                   A        B        C        D        E       F      G
               +--------+--------+--------+--------+--------+-----+--------+
         Total |   3736 |   3550 |    186 |    644 |   2525 |   3 | 1245.3 |
       Dungeon |   3736 |   3550 |    186 |    644 |   2525 |   3 | 1245.3 |
               +--------+--------+--------+--------+--------+-----+--------+

Top non-repeatable levels by time:
     D:2: 1957 daAuts
     D:1: 1760 daAuts
     D:3: 19 daAuts
